 Dungeon Crawl Stone Soup version 0.24.0-13-gcf9b319 (webtiles) character file.

Game seed: 9639149702364450244, levelgen mode: deterministic

39 DiabolicBear the Sneak (level 3, -2/32 HPs)
             Began as a Naga Wizard on Mar 19, 2020.
             Killed from afar by Sigmund (3 damage)
             ... with a puff of flame
             ... on level 2 of the Dungeon.
             The game lasted 00:04:24 (1592 turns).

DiabolicBear the Sneak (Naga Wizard)                Turns: 1592, Time: 00:04:26

Health: -2/32      AC:  3    Str: 10    XL:     3   Next: 47%
Magic:  4/7        EV:  8    Int: 18    God:
Gold:   35         SH:  0    Dex:  9    Spells: 7/8 levels left

rFire    . . .     SeeInvis +   f - +0 spear
rCold    . . .     Gourm    .   (no shield)
rNeg     . . .     Faith    .   h - +0 ring mail
rPois    +         Spirit   .   b - +0 hat
rElec    .         Reflect  .   (no cloak)
rCorr    .         Harm     .   (no gloves)
MR       .....                  (no barding)
Stlth    +.........             (no amulet)
HPRegen  0.10/turn              (no ring)
MPRegen  0.10/turn              (no ring)

@: very slow
A: large, see invisible, deformed body, poison resistance, slowness 2, slow
metabolism 1, spit poison 1, AC +1
a: Spit Poison


You were on level 2 of the Dungeon.
You were very hungry.

You visited 1 branch of the dungeon, and saw 2 of its levels.

You collected 35 gold pieces.

Inventory:

Hand Weapons
 f - a +0 spear (weapon)
Armour
 b - a +0 hat (worn)
 h - a +0 ring mail (worn)
Scrolls
 a - a scroll of amnesia {unknown}
 c - 3 scrolls of identify {unknown}
 g - 2 scrolls of remove curse {unknown}
Potions
 e - a potion of magic {unknown}
 i - a potion of curing {unknown}
Comestibles
 d - 6 rations


   Skills:
 + Level 2.0 Fighting
 - Level 1.5 Dodging
 - Level 3.0 Stealth
 - Level 3.0 Spellcasting
 + Level 2.3 Conjurations
   Level 1.0 Summonings
   Level 1.0 Translocations


You had 7 spell levels left.
You knew the following spells:

 Your Spells              Type           Power        Failure   Level  Hunger
a - Magic Dart            Conj           ##..         16%         1    None

Your spell library contained the following spells:

 Spells                   Type           Power        Failure   Level  Hunger
 Blink                    Tloc           N/A          38%         2    ##.....
 Call Imp                 Summ           #.......     38%         2    ##.....
 Slow                     Hex            #.......     54%         2    ##.....
 Conjure Flame            Conj/Fire      #.......     61%         3    ###....
 Mephitic Cloud           Conj/Pois/Air  #.......     67%         3    ###....


Dungeon Overview and Level Annotations

Branches:
Dungeon (2/15)

Altars:

Annotations:
D:2 Sigmund


Innate Abilities, Weirdness & Mutations

You cannot wear boots.
Your serpentine skin is tough. (AC +1)
You have supernaturally acute eyesight. (SInv)
Armour fits poorly on your strangely shaped body.
Your system is resistant to poisons. (rPois)
You cover ground very slowly.
You have a slow metabolism.
You can spit poison.


Message History

Aim: Sigmund, wielding a +0 scythe and wearing a cursed +0 robe (lightly wounded)
The magic dart hits Sigmund.
Sigmund is lightly wounded.
Sigmund barely misses you.
You have got your breath back.
A kobold comes into view.
The kobold shouts!
Sigmund gestures at you while chanting. The puff of flame hits you!
The kobold hits you.
* * * LOW HITPOINT WARNING * * *
The kobold hits you.
* * * LOW HITPOINT WARNING * * *
Sigmund gestures at you while chanting. The magic dart hits you.
* * * LOW HITPOINT WARNING * * *
The kobold misses you. Sigmund casts a spell at you.
The puff of flame hits you.
You die...

######### #.......#
####.#####.# #####
#..>.....#.# #...#
#.##.##.##.# #...#
#.##....##.# #...#
#.########.#
#...####.##.......#####
.###...##.@.##.####......#
........<..K..@...........+
.........#.#..#.###.......#
.........#.#..#.# #'#######
..............#+##.........
#.......#..#... #.†.......
###.....#..#.... #.....<...
#...###..#.....#.........
#... #..#.....#.(.......


You could see Sigmund and a kobold.

Vanquished Creatures
  An ooze (D:1)
  4 dart slugs (D:1)
  A leopard gecko (D:1)
  3 giant cockroaches
  4 goblins (D:1)
  5 hobgoblins (D:1)
  A ball python (D:1)
  A bat (D:1)
  3 frilled lizards
  A kobold (D:1)
  2 rats (D:1)
26 creatures vanquished.

Notes
Turn   | Place    | Note
-------+----------+-------------------------------------------
     0 | D:1      | DiabolicBear the Naga Wizard began the quest for the Orb.
     0 | D:1      | Reached XP level 1. HP: 15/15 MP: 4/4
   329 | D:1      | Reached skill level 1 in Fighting
   329 | D:1      | Reached XP level 2. HP: 10/25 MP: 6/6
   807 | D:1      | Reached XP level 3. HP: 31/31 MP: 1/7
  1577 | D:2      | Noticed Sigmund
  1592 | D:2      | HP: 1/32 [Sigmund/magic dart (5)]
  1592 | D:2      | Killed from afar by Sigmund

Levels and vault maps discovered:
D:1:      lemuel_arrival_funnel, layout_basic, minmay_octomino_c4
D:2:      minmay_evil_eye, layout_basic, yredelemnul_forgotten_temple_becter,
          uniq_sigmund

Skill      XL: |  1  2  3 |
---------------+----------+-----
Fighting       | 1 2 |  2.0
Conjurations   | 2 |  2.3
Dodging        | |  1.5
Stealth        | |  3.0
Spellcasting   | |  3.0
Summonings     | |  1.0
Translocations | |  1.0

Action                   || total
-------------------------++-------
Melee: Spear             ||    27
       Unarmed           ||     3
 Cast: Magic Dart        ||    51
 Abil: Spit Poison       ||     6
Armor: Ring mail         ||    17
       Leather armour    ||     1
Dodge: Dodged            ||    31
